 Dungeon Crawl Stone Soup version 0.30-a0-118-ga018f8e90f (webtiles) character file.

Game seed: 5386617129129258453

192 spaghetti the Trooper (level 5, 0/51 HPs)
             Began as an Ogre Chaos Knight on Sept 14, 2022.
             Was a Plaything of Xom.
             Slain by an iguana (6 damage)
             ... on level 5 of the Dungeon.
             The game lasted 00:05:53 (3883 turns).

spaghetti the Trooper (Ogre Chaos Knight)           Turns: 3883, Time: 00:05:54

Health: 0/51       AC:  5    Str: 14      XL:     5   Next: 71%
Magic:  5/5        EV:  9    Int: 14 (15) God:    Xom [.....*]
Gold:   161        SH:  0    Dex:  8      Spells: 4/4 levels left

rFire   . . .      SeeInvis .      - Unarmed
rCold   . . .      Faith    .    (no shield)
rNeg    . . .      Spirit   .    a - +2 robe
rPois   .          Reflect  .    (helmet restricted)
rElec   .          Harm     .    (no cloak)
rCorr   .          Rampage  .    (gloves unavailable)
Will    .....                    (boots unavailable)
Stlth   +.........               (no amulet)
HPRegen 0.17/turn                (no ring)
MPRegen 0.09/turn                (no ring)

@: confused, unable to read
A: large, unfitting armour, tough skin 1, frail 1, weak 1, inability to read
after injury 1
a: Renounce Religion


You were on level 5 of the Dungeon.
You worshipped Xom.
You were Xom's teddy bear.
You visited 1 branch of the dungeon, and saw 5 of its levels.

You collected 161 gold pieces.


Innate Abilities, Weirdness & Mutations

You are too large for most types of armour.
You have tough skin. (AC +1)
You are frail. (-10% HP)
You are weak. (Str -2)
You occasionally lose the ability to read scrolls when taking damage.


   Skills:
 + Level 5.4 Fighting
 - Level 2.1 Dodging
 * Level 4.6 Unarmed Combat
 + Level 1.6 Transmutations


You had 4 spell levels left.
You didn't know any spells.
Your spell library contained the following spells:

 Spells                   Type           Power      Damage    Failure   Level
 Ozocubu's Armour         Ice            0%         N/A       65%         3
 Portal Projectile        Hex/Tloc       0%         N/A       65%         3
 Tukima's Dance           Hex            0%         N/A       65%         3
 Blade Hands              Tmut           2%         N/A       99%         5
 Metabolic Englaciation   Hex/Ice        0%         N/A       100%        5
 Simulacrum               Ice/Necr       0%         N/A       100%        6

Inventory:

Missiles
 e - 50 stones {throwing}
 g - 10 atropa-tipped darts {throwing}
 h - 5 poisoned darts {throwing}
 i - a throwing net {=f!fthrowing}
Armour
 a - a +2 robe (worn)
Scrolls
 c - a scroll of identify {@r1}
 d - a scroll of vulnerability {!r!r}
 f - a scroll of enchant armour
Miscellaneous
 b - a piece from Xom's chessboard (5/15) (quivered)

Dungeon Overview and Level Annotations

Branches:
Dungeon (5/15) Zot: 26114
 Temple: D:4-7

Altars:
Kikubaaqudgha
Uskayaw

Annotations:
D:4 Edmund, Menkaure

. ..## #########
.....##.......#
.......lr....##
.......@....#....
............n.....
..<.#......##...#..
... #.....n.#...# #
.. #............ .
..............
...(..####..
....?..# ..


You could see 2 necrophages, an iguana and a quokka.


Message History

You slide downwards.
The hatch slams shut behind you. 😱 HP[-10]
You take 10 damage, and now have 12/51 hp.
Unknown command.
Unknown command.
Unknown command.
Unknown command.
You start resting.
You can read scrolls again. 😨 HP[+2]
You regained 2 hp, and now have 14/51 hp.
You feel a little less clever now.
Key pressed, stopping explore.
An ufetubus comes into view.
The ufetubus moves out of view. 😮 HP[+18]
You regained 18 hp, and now have 32/51 hp.
An ufetubus is nearby!
An ufetubus is nearby! 😮 HP[+1]
An ufetubus is nearby!
An ufetubus is nearby!
An ufetubus is nearby!
An ufetubus is nearby!
You are too injured to fight recklessly!
You are too injured to fight recklessly!
A quokka comes into view.
The ufetubus shouts!
An iguana comes into view.
The iguana hisses angrily.
The ufetubus barely misses you. The ufetubus hits you.
The ufetubus barely misses you. The ufetubus hits you. 😮 HP[-2]
You take 2 damage, and now have 31/51 hp.
You closely miss the ufetubus.
The ufetubus hits you but does no damage.
The ufetubus hits you. 😮 HP[-1]
You take 1 damage, and now have 30/51 hp.
You miss the ufetubus. The quokka barely misses you.
A necrophage comes into view.
The ufetubus closely misses you. x2
The quokka bites you but does no damage.
You hit the ufetubus. The ufetubus closely misses you. x2
The ufetubus barely misses you.
The ufetubus hits you but does no damage.
The quokka bites you but does no damage.
You hit the ufetubus.
You kill the ufetubus!
Xom's power touches on your mind for a moment.
You are confused.
The necrophage looks rather confused.
The quokka closely misses you.
You are too confused!
You aren't carrying any potions.
Unknown command.
Found an escape hatch in the ceiling. "Heh heh heh..."
You are more confused.
You are now Xom's teddy bear.
The quokka barely misses you. The iguana attacks as you move away!
The iguana closely misses you. The quokka bites you. 😮 HP[-3]
You take 3 damage, and now have 27/51 hp.
The iguana attacks as you move away! The iguana bites you!
You feel threatened and lose the ability to read scrolls!
* * * LOW HITPOINT WARNING * * *
A necrophage comes into view. 😨 HP[-12]
You take 12 damage, and now have 15/51 hp.
MASSIVE DAMAGE!! (PAUSE) Unknown command.
You are too confused!
You aren't carrying any potions.
The iguana attacks as you move away!
The iguana bites you but does no damage.
The quokka barely misses you.
The quokka bites you but does no damage. 😨 HP[+1] Unknown command.
You're too confused to move!
The iguana bites you!
* * * LOW HITPOINT WARNING * * *
The quokka barely misses you. 😱 HP[-11]
You take 11 damage, and now have 5/51 hp.
MASSIVE DAMAGE!! (PAUSE) Unknown command.
You are too confused!
There are monsters nearby!
You hit the iguana but do no damage. The iguana bites you!
You die... "Hey, that's my teddy bear!"
Xom revives you! The quokka bites you.
* * * LOW HITPOINT WARNING * * *
😱 HP[+1]
You closely miss the iguana. The iguana bites you.
You die...
Xom guffaws!

Skill      XL: |  1  2  3  4 |
---------------+-------------+-----
Unarmed Combat | 3 4 |  4.6
Fighting       | 5 |  5.4
Transmutations | 1 |  1.6
Dodging        | |  2.1

Action                   |  1- 3 |  4- 6 || total
-------------------------+-------+-------++-------
Melee: Unarmed           |   116 |   143 ||   259
       Punch             |     5 |     7 ||    12
Throw: Dart              |       |     2 ||     2
Evoke: Piece from Xom's  |       |    13 ||    13
  Use: Potion            |     2 |     2 ||     4
       Scroll            |       |     4 ||     4
 Stab: Paralysed         |       |     5 ||     5
       Confused          |       |     2 ||     2
       Petrifying        |       |     1 ||     1
Armor: Robe              |    39 |    57 ||    96
       Skin              |    10 |       ||    10
Dodge: Dodged            |    34 |    64 ||    98

Levels and vault maps discovered:
D:1:      onia_arrival_pentagram, layout_basic, minmay_nonomino_d4
D:2:      layout_loops_corners
D:3:      layout_basic, nicolae_overflow_squiral,
          shapermc_ecumenical_altar_ellora, minmay_strange_pillars
D:4:      layout_cave_pods, dk_yredelemnul_ordeal,
          nicolae_ossuary_entry_monument, kennysheep_decorative_pillar,
          uniq_menkaure, uniq_edmund
D:5:      layout_cave_pools, nicolae_tso_carved_into_rock,
          kennysheep_generic_room_3, uniq_ijyb

Notes
Turn   | Place    | Note
-------+----------+-------------------------------------------
     0 | D:1      | spaghetti the Ogre Chaos Knight began the quest for the
                  | Orb.
     0 | D:1      | Reached XP level 1. HP: 24/24 MP: 1/1
     0 | D:1      | magus.rc [v1.9.6]
    91 | D:1      | Reached skill level 3 in Unarmed Combat
   140 | D:1      | XOM: silly message
   180 | D:1      | Reached XP level 2. HP: 23/32 MP: 2/2
   441 | D:1      | XOM: divination: detect creatures
   632 | D:1      | Reached XP level 3. HP: 40/40 MP: 3/3
   761 | D:1      | You pick up a book of Weapons and begin reading...
   761 | D:1      | You add the spells Tukima's Dance, Portal Projectile and
                  | Blade Hands to your library.
   779 | D:1      | XOM: give mutations
   779 | D:1      | Gained mutation: You are frail. (-10% HP) [Xom's mischief]
   779 | D:1      | Gained mutation: You are weak. (Str -2) [Xom's mischief]
  1441 | D:2      | Reached XP level 4. HP: 44/44 MP: 4/4
  1792 | D:2      | XOM: give mutation
  1792 | D:2      | Gained mutation: You occasionally lose the ability to read
                  | scrolls when taking damage. [Xom's mischief]
  2049 | D:2      | You pick up a book of Winter and begin reading...
  2049 | D:2      | You add the spells Ozocubu's Armour, Metabolic Englaciation
                  | and Simulacrum to your library.
  2283 | D:3      | XOM: noise
  2300 | D:3      | Reached skill level 4 in Unarmed Combat
  2322 | D:3      | Found an ancient bone altar of Kikubaaqudgha.
  2323 | D:3      | Found a hide-covered altar of Uskayaw.
  2352 | D:3      | Noticed a bullfrog
  2374 | D:3      | HP: 10/44 [bullfrog (2)]
  2376 | D:3      | HP: 2/44 [bullfrog (4)]
  2378 | D:3      | Killed a bullfrog
  2379 | D:3      | Reached skill level 5 in Fighting
  2379 | D:3      | Reached skill level 1 in Transmutations
  2379 | D:3      | Reached XP level 5. HP: 3/51 MP: 5/5
  2412 | D:3      | XOM: stat loss: -1 Int (14/15)
  2880 | D:3      | Found a faded altar of an unknown god.
  2990 | D:3      | XOM is BORED!
  3482 | D:4      | Noticed Edmund
  3504 | D:4      | HP: 11/51 [Edmund/+2 flail of holy wrath (8)]
  3507 | D:4      | XOM: 1-stop teleportation journey
  3732 | D:4      | XOM: 1-stop teleportation journey
  3739 | D:4      | Noticed Menkaure
  3743 | D:4      | XOM: summons 2 hostile demons
  3747 | D:4      | HP: 12/51 [??? (10)]
  3748 | D:5      | Entered Level 5 of the Dungeon
  3876 | D:5      | XOM: confusion (+ monsters)
  3877 | D:5      | XOM: confusion
  3881 | D:5      | HP: 5/51 [iguana (11)]
  3882 | D:5      | Xom revived you
  3883 | D:5      | Slain by an iguana

Vanquished Creatures
  A bullfrog (D:3)
  An iguana (D:4)
  4 adders
  An ufetubus (D:5)
  2 worms
  5 dart slugs
  A ball python (D:4)
  5 endoplasms
  5 goblins
  9 hobgoblins
  5 kobolds
  9 quokkas
  4 bats
  6 frilled lizards
  A rat (D:2)
59 creatures vanquished.

Table legend:
 A = Non-vault XP
 B = Vault XP
 C = Vault XP percentage of total XP
 D = Non-vault monster count
 E = Vault monster count
 F = Vault count percentage of total count
                 A         B        C        D         E       F
            +---------+---------+-------+---------+---------+-------
      Total |     265 |      10 |   3.6 |      53 |       6 |  10.2
            +---------+---------+-------+---------+---------+-------
        D:1 |      35 |      10 |  22.2 |      18 |       6 |  25.0
        D:2 |      58 |       0 |   0.0 |      17 |       0 |   0.0
        D:3 |     138 |       0 |   0.0 |      14 |       0 |   0.0
        D:4 |      26 |       0 |   0.0 |       3 |       0 |   0.0
        D:5 |       8 |       0 |   0.0 |       1 |       0 |   0.0
            +---------+---------+-------+---------+---------+-------

Illustrated notes

Table legend:
 A = Kills in this place as a percentage of kills in entire the game.
 B = Kills by you in this place as a percentage of kills by you in the entire game.
 C = Kills by friends in this place as a percentage of kills by friends in the entire game.
 D = Other kills in this place as a percentage of other kills in the entire game.
 E = Experience gained in this place as a percentage of experience gained in the entire game.
 F = Experience gained in this place divided by the number of levels of this place that you have seen.
                   A       B       C       D       E      F
               +-------+-------+-------+-------+-------+----------------------
         Total | 100.0 | 100.0 |   N/A | 100.0 | 100.0 |  55.0
       Dungeon | 100.0 | 100.0 |   N/A | 100.0 | 100.0 |  55.0
               +-------+-------+-------+-------+-------+----------------------

Table legend: (Time is in decaauts)
 A = Elapsed time spent in this place.
 B = Non-inter-level travel time spent in this place.
 C = Inter-level travel time spent in this place.
 D = Time resting spent in this place.
 E = Time spent auto-exploring this place.
 F = Levels seen in this place.
 G = Mean time per level.
                   A        B        C        D        E       F      G
               +--------+--------+--------+--------+--------+-----+--------+
         Total |   3884 |   3845 |     39 |    173 |   3169 |   5 |  776.8 |
       Dungeon |   3884 |   3845 |     39 |    173 |   3169 |   5 |  776.8 |
               +--------+--------+--------+--------+--------+-----+--------+

Top non-repeatable levels by time:
     D:2: 1348 daAuts
     D:3: 1184 daAuts
     D:1: 901 daAuts
     D:4: 315 daAuts
     D:5: 134 daAuts
